 Dungeon Crawl Stone Soup version 0.18-a0-1078-gebb93d0 (webtiles) character file.

499 dvd the Sneak (level 6, -4/29 HPs)
             Began as a Spriggan Enchanter on Jan 14, 2016.
             Was a Believer of Makhleb.
             Slain by nuthulu's ghost (8 damage)
             ... on level 5 of the Dungeon.
             The game lasted 00:13:27 (3269 turns).

dvd the Sneak (Spriggan Enchanter)                  Turns: 3269, Time: 00:13:27

Health: -4/29      AC:  3    Str:  4    XL:     6   Next: 94%
Magic:  11/14      EV: 19    Int: 21    God:    Makhleb [**....]
Gold:   193        SH:  0    Dex: 20    Spells: 4 memorised, 5 levels left

rFire  . . .     SeeInvis +     a - +1 dagger
rCold  . . .     Gourm    .     b - +1 robe
rNeg   . . .     Faith    .     (shield restricted)
rPois  .         Spirit   .     (helmet restricted)
rElec  .         Dismiss  .     (no cloak)
rCorr  .         Reflect  .     (gloves unavailable)
SustAt .         Harm     .     (boots unavailable)
MR     +....                    (no amulet)
Stlth  ++++......               s - +3 ring of dexterity
                                p - +3 ring of intelligence

@: very quick, somewhat resistant to hostile enchantments, stealthy
A: unfitting armour, see invisible, herbivore 3, speed 3, slow metabolism 2
a: Minor Destruction, Renounce Religion


You were on level 5 of the Dungeon.
You worshipped Makhleb.
Makhleb was pleased with you.
You were not hungry.

You visited 2 branches of the dungeon, and saw 6 of its levels.

You collected 193 gold pieces.

Inventory:

Hand Weapons
 a - a +1 dagger (weapon)
Armour
 b - a +1 robe (worn)
Jewellery
 p - a +3 ring of intelligence (left hand)
 s - a +3 ring of dexterity (right hand)
Scrolls
 h - 2 scrolls of immolation {unknown}
 j - 2 scrolls of remove curse {unknown}
 k - 2 scrolls of magic mapping {unknown}
 n - 7 scrolls of identify {unknown}
 q - a scroll of enchant weapon {unknown}
 u - 2 scrolls of recharging {unknown}
 v - 3 scrolls of teleportation {unknown}
Potions
 e - a potion of mutation {unknown}
 f - a potion of agility {unknown}
 g - 3 potions of curing {unknown}
 i - a potion of lignification {unknown}
 l - a potion of poison {unknown}
 m - a potion of might {unknown}
 o - a potion of haste {unknown}
 t - a potion of ambrosia {unknown}
Books
 c - a book of Maledictions

   Spells                             Type                      Level
   a - Corona                         Hexes                        1
   b - Ensorcelled Hibernation        Hexes/Ice                    2
   c - Confuse                        Hexes                        3
   d - Tukima's Dance                 Hexes                        3
   e - Dazzling Spray                 Conjuration/Hexes            3
Comestibles
 d - 3 bread rations


   Skills:
 + Level 0.8 Fighting
 + Level 2.3 Short Blades
 + Level 3.4 Dodging
 + Level 7.6 Stealth
 + Level 4.9 Spellcasting
 + Level 5.6 Hexes
 + Level 1.0 Ice Magic
 + Level 0.8 Invocations


You had 5 spell levels left.
You knew the following spells:

 Your Spells              Type           Power        Failure   Level  Hunger
a - Corona                Hex            ####...      1%          1    None
b - Ensorcelled Hibernat  Hex/Ice        ###...       4%          2    None
c - Confuse               Hex            ####....     3%          3    ##.....
d - Tukima's Dance        Hex            ####....     3%          3    ##.....


Dungeon Overview and Level Annotations

Branches:
Dungeon (5/15)             Temple (1/1) D:4

Altars:
Ashenzari
Cheibriados
Elyvilon
Gozag
Makhleb
Nemelex Xobeh
Okawaru
Pakellas
Qazlal
Ru
Trog
Xom
Yredelemnul
Zin
The Shining One

Annotations:
D:5 nuthulu's ghost, novice GrFi


Innate Abilities, Weirdness & Mutations

You are tiny and cannot use many weapons and most armour.
You have supernaturally acute eyesight.
You are a herbivore.
You cover ground extremely quickly.
You need consume almost no food.


Message History

Nuthulu's ghost is almost destroyed.
You hit nuthulu's ghost but do no damage.
Nuthulu's ghost is severely damaged.
You hit nuthulu's ghost but do no damage.
Nuthulu's ghost is severely damaged.
Your magical contamination has completely faded away.
You hit nuthulu's ghost.
Nuthulu's ghost is almost destroyed.
Nuthulu's ghost hits you.
You hit nuthulu's ghost but do no damage.
Nuthulu's ghost is severely damaged.
Nuthulu's ghost closely misses you.
You hit nuthulu's ghost but do no damage.
Nuthulu's ghost is severely damaged.
Nuthulu's ghost seems less confused.
Nuthulu's ghost hits you!
* * * LOW HITPOINT WARNING * * *
You hit nuthulu's ghost but do no damage.
Nuthulu's ghost is severely damaged.
Nuthulu's ghost hits you!
You die...

##############
.#####.<..(.......#
..................#
...%....@W.†<....[#
..................#
......##+###+######
.#####


You could see nuthulu's ghost.

Vanquished Creatures
  Grinder (D:4)
  A centaur skeleton (D:4)
  A giant frog skeleton (D:4)
  An iguana (D:4)
  2 orc wizards
  6 adders
  An ooze (D:3)
  A giant gecko (D:3)
  6 orcs (D:4)
  5 bats
  5 giant cockroaches
  7 goblins
  4 hobgoblins
  A jackal (D:1)
  5 kobolds
  A quokka (D:3)
  4 giant newts
  7 rats
59 creatures vanquished.

Vanquished Creatures (collateral kills)
  3 orc wizards (D:4)
  6 orcs (D:4)
9 creatures vanquished.

Vanquished Creatures (others)
  A dancing weapon (D:4)
1 creature vanquished.

Grand Total: 69 creatures vanquished

Notes
Turn   | Place    | Note
--------------------------------------------------------------
     0 | D:1      | dvd the Spriggan Enchanter began the quest for the Orb.
     0 | D:1      | Reached XP level 1. HP: 9/9 MP: 5/5
   206 | D:1      | Reached XP level 2. HP: 11/13 MP: 4/6
   231 | D:1      | Learned a level 2 spell: Ensorcelled Hibernation
   299 | D:1      | Reached skill level 5 in Stealth
   983 | D:2      | Reached XP level 3. HP: 16/16 MP: 0/8
  1012 | D:2      | Found a faded altar to an unknown god.
  1089 | D:2      | Became a worshipper of Makhleb the Destroyer
  1089 | D:2      | Reached * piety under Makhleb
  1371 | D:2      | Learned a level 3 spell: Confuse
  1550 | D:3      | Reached skill level 6 in Stealth
  1739 | D:3      | Reached XP level 4. HP: 21/21 MP: 2/9
  1788 | D:3      | Found a snail-covered altar of Cheibriados.
  1790 | D:3      | Found an iron altar of Okawaru.
  1792 | D:3      | Found a shimmering altar of Xom.
  1878 | D:4      | Reached ** piety under Makhleb
  1887 | D:3      | Learned a level 3 spell: Tukima's Dance
  2090 | D:4      | Noticed Grinder
  2307 | D:4      | Killed Grinder
  2307 | D:4      | Reached skill level 7 in Stealth
  2307 | D:4      | Reached skill level 5 in Hexes
  2307 | D:4      | Reached skill level 1 in Ice Magic
  2307 | D:4      | Reached XP level 5. HP: 25/25 MP: 7/12
  2307 | D:4      | Reached XP level 6. HP: 29/29 MP: 7/13
  2582 | D:4      | Noticed a rust devil
  2658 | D:4      | Noticed an angel
  2716 | D:4      | Found a staircase to the Ecumenical Temple.
  3091 | Temple   | Entered the Ecumenical Temple
  3213 | D:5      | Entered Level 5 of the Dungeon
  3213 | D:5      | Noticed nuthulu's ghost (novice GrFi)
  3269 | D:5      | Slain by nuthulu's ghost

Vault maps used:
D:1:      co_arrival_random_square_maze, st_stairs_3
D:2:      first_bread, ecumenical_altar_1
D:3:      minitemple
D:4:      temple_garden, uniq_grinder
D:5:      serial_shops, shop_fountains
Temple:   circular_temple_pool_12

Action                   |  1- 3 |  4- 6 || total
-------------------------+-------+-------++-------
Melee: Dagger            |    59 |    74 ||   133
 Cast: Corona            |     2 |       ||     2
       Ensorcelled Hiber |    30 |     9 ||    39
       Confuse           |     1 |     5 ||     6
       Tukima's Dance    |       |    11 ||    11
Invok: Minor Destruction |       |    12 ||    12
 Stab: Sleeping          |    35 |    12 ||    47
       Confused          |     1 |     7 ||     8
  Eat: Royal jelly       |       |     1 ||     1
       Pizza             |       |     1 ||     1
